 Dungeon Crawl Stone Soup version 0.31-a0-187-gba352fbbf7 (webtiles) character file.

Game seed: 13991391784563555319

349 qw the Skirmisher (level 6, -2/35 HPs)
             Began as a Deep Elf Hunter on June 22, 2023.
             Slain by a killer bee (8 damage)
             ... on level 4 of the Dungeon.
             The game lasted 00:00:51 (2217 turns).

qw the Skirmisher (Deep Elf Hunter)                 Turns: 2217, Time: 00:00:51

Health: -2/35      AC:  5    Str: 12    XL:     6   Next: 33%
Magic:  8/8        EV: 11    Int: 14    God:
Gold:   1          SH:  0    Dex: 18    Spells: 5/5 levels left

rFire   . . .        a - +4 longbow of the Decaying God {heavy, Str+2}
rCold   . . .        (shield currently unavailable)
rNeg    . . .        d - +0 ring mail
rPois   .            (no helmet)
rElec   .            (no cloak)
rCorr   .            (no gloves)
SInv    .            (no boots)
Will    .....        (no amulet)
Stlth   +            (no ring)
HPRegen 0.25/turn    (no ring)
MPRegen 0.11/turn

%: no passive effects
@: lethally poisoned (-2 -> -6)
A: no striking features
a: no special abilities


You were on level 4 of the Dungeon.
You visited 1 branch of the dungeon, and saw 4 of its levels.

You collected 153 gold pieces.
You spent 152 gold pieces at shops.


   Skills:
 - Level 2.2 Fighting
 + Level 9.5 Ranged Weapons
 - Level 3.1 Dodging
 - Level 1.2 Stealth


You had 5 spell levels left.
You didn't know any spells.
Your spell library was empty.

Inventory:

Hand Weapons
 a - the +4 longbow of the Decaying God (weapon) {heavy, Str+2}
   (You acquired it on level 3 of the Dungeon)

   Str:       It affects your strength (+2).
Armour
 d - a +0 ring mail (worn)
Scrolls
 b - 4 scrolls of identify
 c - a scroll of teleportation
Potions
 e - 2 potions of curing

Dungeon Overview and Level Annotations

Branches:
Dungeon (4/15)
 Temple: D:4-7

Altars:

Shops:
D:3 [(!?


Message History

HP restored.
You hear the slow hiss of a very distant avalanche of sand.
A killer bee comes into view.
You shoot an arrow. The arrow misses the killer bee.
The killer bee buzzes angrily.
You hear an angry buzzing noise. x2
The killer bee stings you but does no damage.
The killer bee barely misses you. The killer bee closely misses you.
You shoot an arrow. The arrow barely misses the killer bee.
You hear an angry buzzing noise.
A killer bee comes into view.
The killer bee stings you. The killer bee barely misses you. x3
You hear an angry buzzing noise.
You shoot an arrow. The arrow misses the killer bee.
You hear an angry buzzing noise.
The killer bee stings you! The killer bee closely misses you.
The killer bee barely misses you. The killer bee completely misses you.
The killer bee stings you but does no damage.
The killer bee barely misses you.
You shoot an arrow. The arrow hits the killer bee!!
You kill the killer bee!
You hear an angry buzzing noise. x2
The killer bee misses you.
A killer bee comes into view.
The killer bee stings you.
The killer bee stings you but does no damage.
The killer bee barely misses you.
The killer bee stings you but does no damage.
The killer bee stings you.
You are poisoned.
The killer bee poisons you! The killer bee closely misses you.
You hear an angry buzzing noise.
Your Dodging skill increases to level 3!
You shoot an arrow. The arrow hits the killer bee!!
You kill the killer bee!
You feel very sick. The killer bee stings you.
The killer bee stings you but does no damage.
The killer bee misses you. The killer bee stings you!
You die...

... ## .. ##. .###.
. ##.###.#. .##
#...#...# ..#
####...#...#####...#
#..#...#...#...#...#
#.###.###.#.....#
##.####...###...##
.....#.....#.###@#
..<...#...#..)#.y%#
......#####...#...#
......# #...#...#
#....#... .#.###.#.
#....##...###. .###.
#....# ### ... #
##..#% . #..#..


You could see a killer bee.

Vanquished Creatures
  A phantom (D:3)
  2 killer bees (D:4)
  A howler monkey (D:4)
  An orc priest (D:3)
  Terence (D:3)
  9 adders
  A worm (D:2)
  2 dart slugs
  4 orcs (D:3)
  5 ball pythons
  4 bats
  5 endoplasms
  A giant cockroach (D:3)
  7 goblins
  3 hobgoblins
  3 jackals (D:1)
  2 kobolds (D:2)
  2 frilled lizards
  5 rats
59 creatures vanquished.

Notes
Turn   | Place    | Note
-------+----------+-------------------------------------------
     0 | D:1      | qw the Deep Elf Hunter began the quest for the Orb.
     0 | D:1      | Reached XP level 1. HP: 12/12 MP: 3/3
     0 | D:1      | 0 ||| qw: Version: 0.3-a-9-g12657ce
     0 | D:1      | 0 ||| qw: Game counter: 1961
     0 | D:1      | 0 ||| qw: Always use a shield: true
     0 | D:1      | 0 ||| qw: God list: Okawaru
     0 | D:1      | 0 ||| qw: Allow faded altars: false
     0 | D:1      | 0 ||| qw: Do Orc after D:15 true
     0 | D:1      | 0 ||| qw: Do second Lair branch before Depths: true
     0 | D:1      | 0 ||| qw: Lair rune preference: random
     0 | D:1      | 0 ||| qw: Plans: Normal
     0 | D:1      | 0 ||| PLANNING D:1-11
    84 | D:1      | Reached XP level 2. HP: 10/16 MP: 4/4
    85 | D:1      | Reached skill level 6 in Ranged Weapons
   502 | D:1      | 502 ||| READING scroll labelled JIQIRHU PUDO.
   503 | D:1      | 503 ||| READING 2 scrolls labelled RUDOLA SEOKKYMN.
   535 | D:1      | 535 ||| READING scroll labelled NOUHONU ADAOCK.
   536 | D:1      | 536 ||| DRINKING 2 brown potions.
   537 | D:1      | 537 ||| DROPPING scroll of butterflies.
   538 | D:1      | 538 ||| DROPPING scroll of torment.
   798 | D:2      | Reached XP level 3. HP: 8/20 MP: 5/5
   875 | D:2      | Reached skill level 7 in Ranged Weapons
  1243 | D:2      | Found a faded altar of an unknown god.
  1247 | D:2      | Reached XP level 4. HP: 25/25 MP: 6/6
  1384 | D:2      | 1384 ||| UPGRADING to +0 ring mail.
  1394 | D:2      | 1394 ||| DROPPING +0 leather armour.
  1395 | D:2      | 1395 ||| READING scroll labelled LUWYTT DETO.
  1398 | D:2      | 1398 ||| READING scroll labelled DEGHEZUAMI.
  1399 | D:2      | 1399 ||| READING scroll labelled NISASO MELYUKH.
  1400 | D:2      | 1400 ||| DRINKING 2 metallic amethyst potions.
  1401 | D:2      | 1401 ||| DROPPING potion of magic.
  1509 | D:3      | Identified the +1 short sword of Cyutidin {freeze, rElec
                  | rPois rF- rC++}
  1552 | D:3      | Noticed Terence
  1557 | D:3      | Killed Terence
  1562 | D:3      | Reached skill level 8 in Ranged Weapons
  1665 | D:3      | Found Rameg's Antique Weapon Shop.
  1681 | D:3      | Reached XP level 5. HP: 29/29 MP: 7/7
  1684 | D:3      | 1684 ||| BUYING runed orcbow (110 gold).
  1684 | D:3      | Bought a runed orcbow for 110 gold pieces
  1684 | D:3      | 1684 ||| SWAPPING to +3 heavy orcbow.
  1685 | D:3      | 1685 ||| DROPPING +1 shortbow.
  1750 | D:3      | Noticed a phantom
  1751 | D:3      | 1751 ||| READING scroll labelled KIXTIEZ SECOCS.
  1752 | D:3      | 1752 ||| READING 4 scrolls of identify.
  1752 | D:3      | 1752 ||| IDENTIFYING pink potion
  1753 | D:3      | 1753 ||| DROPPING potion of degeneration.
  1762 | D:3      | Killed a phantom
  1763 | D:3      | Reached skill level 9 in Ranged Weapons
  1920 | D:3      | Found Cyziot's Antique Armour Shoppe.
  1925 | D:3      | 1925 ||| SHOPLISTING pair of gloves (76 gold, have 43).
  1997 | D:3      | Found Beroax's Distillery.
  2001 | D:3      | 2001 ||| BUYING potion of curing (42 gold).
  2001 | D:3      | Bought a potion of curing for 42 gold pieces
  2001 | D:3      | 2001 ||| SHOPLISTING potion of curing (42 gold, have 1).
  2001 | D:3      | 2001 ||| SHOPLISTING potion of heal wounds (70 gold, have
                  | 1).
  2001 | D:3      | 2001 ||| SHOPLISTING potion of mutation (112 gold, have 1).
  2038 | D:3      | Found Huytre's Magic Scroll Boutique.
  2047 | D:3      | 2047 ||| SHOPLISTING scroll of identify (28 gold, have 1).
  2047 | D:3      | 2047 ||| SHOPLISTING scroll of teleportation (42 gold, have
                  | 1).
  2128 | D:3      | 2128 ||| READING scroll labelled UWKEUM FUOSOT.
  2128 | D:3      | Identified a scroll of acquirement
  2128 | D:3      | 2128 ||| ACQUIRING +4 longbow of the Decaying God {heavy,
                  | Str+2}
  2128 | D:3      | Acquired the +4 longbow of the Decaying God {heavy, Str+2}
  2130 | D:3      | 2130 ||| SWAPPING to +4 longbow of the Decaying God {heavy,
                  | Str+2}.
  2131 | D:3      | 2131 ||| DROPPING +3 heavy orcbow.
  2169 | D:4      | 2169 ||| PLANNING OSSUARY
  2187 | D:4      | Reached XP level 6. HP: 35/35 MP: 8/8
  2217 | D:4      | Reached skill level 3 in Dodging
  2217 | D:4      | HP: 6/35 [killer bee (3)]
  2217 | D:4      | Slain by a killer bee

Levels and vault maps discovered:
D:1:      dpeg_arrival_leaves_temple_mockup, layout_rooms,
          hangedman_decor_growths
D:2:      layout_basic, ebering_ecumenical_altar_ruins
D:3:      layout_loops_ring, serial_shops, shop, nicolae_shop_advertising_works
          [nicolae_subvault_shop_adworks], shop, shop,
          nicolae_kite_square_tiling_tiny, st_stairs_8, uniq_terence
D:4:      nicolae_cairo_tiling, layout_rooms, grunt_temple_overflow_open,
          enter_ossuary_2, uniq_crazy_yiuf_cottage

Skill      XL: |  1  2  3  4  5  6 |
---------------+-------------------+-----
Ranged Weapons | 6 7 8 9 |  9.5
Fighting       | 2 |  2.2
Dodging        | 3 |  3.1
Stealth        | |  1.2

Action                     |  1- 3 |  4- 6 || total
---------------------------+-------+-------++-------
   Fire: Shortbow          |    97 |    42 ||   139
         Orcbow            |       |    20 ||    20
         Longbow           |       |    15 ||    15
    Use: Scroll            |     3 |     6 ||     9
         Potion            |     1 |     1 ||     2
 Armour: Leather armour    |    13 |       ||    13
         Ring mail         |       |    12 ||    12
  Dodge: Dodged            |    28 |    30 ||    58

Table legend:
 A = Non-vault XP
 B = Vault XP
 C = Vault XP percentage of total XP
 D = Non-vault monster count
 E = Vault monster count
 F = Vault count percentage of total count
                 A         B        C        D         E       F
            +---------+---------+-------+---------+---------+-------
      Total |     523 |      37 |   6.6 |      57 |       2 |   3.4
            +---------+---------+-------+---------+---------+-------
        D:1 |      34 |       0 |   0.0 |      19 |       0 |   0.0
        D:2 |      75 |       0 |   0.0 |      16 |       0 |   0.0
        D:3 |     213 |      37 |  14.8 |      15 |       2 |  11.8
        D:4 |     201 |       0 |   0.0 |       7 |       0 |   0.0
            +---------+---------+-------+---------+---------+-------
